 Dungeon Crawl Stone Soup version 0.28.0-43-g3370ac3207 (webtiles) character file.

Game seed: 16036782089978873215

3358 RascalDebosk the Zephyrmancer (level 10, 0/50 HPs)
             Began as a Tengu Air Elementalist on Mar 18, 2022.
             Was a Follower of Sif Muna.
             Slain by a hornet (9 damage)
             ... while paralysed by a hornet
             ... on level 8 of the Dungeon.
             The game lasted 01:47:54 (9913 turns).

RascalDebosk the Zephyrmancer (TeAE)                Turns: 9913, Time: 01:47:55

Health: 0/50       AC:  7    Str:  9    XL:     10   Next: 3%
Magic:  28/28      EV:  2    Int: 19    God:    Sif Muna [*.....]
Gold:   306        SH:  0    Dex: 15    Spells: 2/20 levels left

rFire   + . .      SeeInvis .   q - +9 dagger (freeze)
rCold   x . .      Faith    .   (no shield)
rNeg    . . .      Spirit   .   m - +0 leather armour
rPois   .          Reflect  .   (helmet restricted)
rElec   .          Harm     .   C - +0 cloak
rCorr   .          Rampage  .   v - +2 pair of gloves
Will    .....                   (boots unavailable)
Stlth   ++........              (no amulet)
HPRegen 0.16/turn               j - ring of magical power
MPRegen 0.21/turn               t - ring of fire

@: paralysed, lethally poisoned (0 -> -5), flying quickly and evasively, slowed,
quick
A: beak, talons 3, nimble flight
a: Renounce Religion, Channel Magic


You were on level 8 of the Dungeon.
You worshipped Sif Muna.
Sif Muna was aware of your devotion.
You visited 2 branches of the dungeon, and saw 9 of its levels.
You also visited: Sewer and Ossuary.

You collected 306 gold pieces.

Inventory:

Hand Weapons
 q - a +9 dagger of freezing (weapon)
 D - a +4 dagger of venom
Missiles
 b - 21 poisoned darts
 g - 147 stones
Armour
 a - a +0 robe
 m - a +0 leather armour (worn)
 v - a +2 pair of gloves (worn)
 C - a +0 cloak (worn)
Magical Staves
 A - a staff of conjuration
Jewellery
 c - a ring of ice
 j - a ring of magical power (left hand)
 t - a ring of fire (right hand)
Wands
 p - a wand of digging (2)
 r - a wand of polymorph (12)
 s - a wand of flame (33)
 y - a wand of paralysis (5)
Scrolls
 d - 6 scrolls of identify
 f - 5 scrolls of blinking
 i - a scroll of holy word
 k - a scroll of magic mapping
 l - 6 scrolls of teleportation
 n - 6 scrolls of fog
 u - 6 scrolls of fear
 z - a scroll of noise {unknown}
Potions
 e - 2 potions of lignification
 h - 3 potions of degeneration
 o - 4 potions of brilliance
 w - 4 potions of mutation
 x - a potion of attraction
 B - a potion of berserk rage


   Skills:
 + Level 2.5 Short Blades
 + Level 6.8 Dodging
 - Level 4.0 Stealth
 + Level 5.7 Spellcasting
 + Level 7.9 Conjurations
 + Level 3.8 Fire Magic
 + Level 8.8 Air Magic
 - Level 4.0 Evocations


You had 2 spell levels left.
You knew the following spells:

 Your Spells              Type           Power      Damage    Failure   Level
a - Shock                 Conj/Air       100%       1d9       1%          1
b - Static Discharge      Conj/Air       37%        N/A       1%          2
c - Airstrike             Air            19%        N/A       4%          4
d - Swiftness             Air            39%        N/A       1%          3
e - Foxfire               Conj/Fire      100%       2x1d9     1%          1
f - Conjure Flame         Conj/Fire      41%        6-21      4%          3
g - Flame Wave            Conj/Fire      41%        2d9       14%         4

Your spell library contained the following spells:

 Spells                   Type           Power      Damage    Failure   Level
 Animate Skeleton         Necr           10%        N/A       16%         1
 Freeze                   Ice            20%        1d4       16%         1
 Pain                     Necr           20%        1d5       16%         1
 Blink                    Tloc           10%        N/A       24%         2
 Inner Flame              Hex/Fire       19%        N/A       22%         3
 Hailstorm                Conj/Ice       20%        3d6       32%         4
 Frozen Ramparts          Ice            10%        1d3       43%         3
 Lesser Beckoning         Tloc           5%         N/A       43%         3
 Vampiric Draining        Necr           5%         2d6       43%         3
 Ice Form                 Ice/Tmut       5%         N/A       85%         4
 Summon Ice Beast         Ice/Summ       5%         N/A       85%         4
 Manifold Assault         Tloc           5%         N/A       99%         5


Dungeon Overview and Level Annotations

Branches:
Dungeon (8/15)             Temple (1/1) D:6           Sewer (visited)
Ossuary (visited)
   Lair: D:8-11

Altars:
Dithmenos
Elyvilon
Gozag
Hepliaklqana
Kikubaaqudgha
Makhleb
Nemelex Xobeh
Okawaru
Ru
Sif Muna
Trog
Uskayaw
Vehumet
Xom
Yredelemnul
Zin
The Shining One


Innate Abilities, Weirdness & Mutations

You have a beak for a mouth.
You have claws for feet.
Your magical nature lets you fly swiftly and evasively.


Message History

You feel as though you will be slow longer.
You hit the hornet. You freeze the hornet. Your kick misses the hornet.
The hornet is heavily wounded.
The hornet stings you.
You suddenly lose the ability to move!
The hornet stings you!
You feel as though you will be slow longer.
The hornet stings you but does no damage.
You can move again.
You miss the hornet. You peck the hornet, but do no damage.
The hornet is heavily wounded.
The hornet misses you. The hornet barely misses you.
You closely miss the hornet.
The hornet is heavily wounded.
The hornet closely misses you.
The hornet stings you but does no damage.
You hit the hornet but do no damage.
The hornet is heavily wounded.
The hornet closely misses you.
The hornet stings you but does no damage.
You hit the hornet. You freeze the hornet.
You claw the hornet, but do no damage. You peck the hornet, but do no damage.
The hornet is heavily wounded.
You feel yourself speed up. The hornet closely misses you. x2
You miss the hornet. You claw the hornet.
The hornet is heavily wounded.
The hornet stings you.
You suddenly lose the ability to move!
The hornet stings you.
You are poisoned.
You feel yourself slow down.
You feel yourself speed up.
You feel very sick.
The hornet stings you but does no damage.
You feel sick.
The hornet stings you but does no damage.
The hornet stings you.
* * * LOW HITPOINT WARNING * * *
You feel yourself slow down.
You feel sick. The hornet stings you!
You die...

..# .. .. ## .#
... ###.##.#.#
?........
#y...# #@#.#
##.#.###
#......#..
#.##.#<........
#......<.......
####..#........
#..#........
##.......>..
#...#...#..


You could see a hornet.

Vanquished Creatures
  Prince Ribbit (D:5)
  2 water moccasins (D:6)
  A hornet zombie (D:7)
  2 sky beasts
  3 necrophages
  2 ogres
  2 black bears (D:6)
  A centaur (D:6)
  A kobold brigand (D:6)
  2 bullfrogs
  A wyvern zombie (D:7)
  3 scorpions
  A wyvern skeleton (D:7)
  9 killer bees (D:7)
  4 howler monkeys
  4 centaur zombies
  2 human zombies (Ossuary)
  3 jellies
  A hound (D:6)
  4 iguanas
  2 orc priests (D:7)
  2 bullfrog skeletons (D:7)
  4 orc wizards
  A killer bee zombie (D:6)
  2 hound skeletons
  2 mummies (Ossuary)
  A howler monkey zombie (D:5)
  Robin (D:2)
  11 adders
  2 white imps
  An ufetubus (D:5)
  An adder skeleton (D:4)
  5 worms
  A dart slug (D:1)
  5 orcs
  8 ball pythons
  10 endoplasms
  6 giant cockroaches
  14 goblins
  9 hobgoblins
  5 quokkas
  15 bats
  6 frilled lizards
  3 goblin zombies (Ossuary)
  10 hobgoblin zombies (Ossuary)
  2 jackal zombies (Ossuary)
  5 kobolds
  7 kobold zombies (Ossuary)
  8 orc zombies (Ossuary)
  11 rats
  2 rat zombies (Ossuary)
211 creatures vanquished.

Vanquished Creatures (others)
  34 foxfires
34 creatures vanquished.

Grand Total: 245 creatures vanquished

Notes
Turn   | Place    | Note
-------+----------+-------------------------------------------
     0 | D:1      | RascalDebosk the Tengu Air Elementalist began the quest for
                  | the Orb.
     0 | D:1      | Reached XP level 1. HP: 10/10 MP: 4/4
   224 | D:1      | Reached XP level 2. HP: 15/15 MP: 1/6
   227 | D:1      | Learned a level 2 spell: Static Discharge
   877 | D:1      | Reached XP level 3. HP: 19/19 MP: 7/7
  1763 | D:2      | Noticed Robin
  1764 | D:2      | Reached XP level 4. HP: 24/24 MP: 8/8
  1770 | D:2      | Killed Robin
  1777 | D:2      | Found a hazy altar of Hepliaklqana.
  1990 | D:3      | Learned a level 4 spell: Airstrike
  2357 | D:3      | Found a faded altar of an unknown god.
  2483 | D:3      | Found a glowing drain.
  2511 | Sewer    | Entered a sewer
  2732 | Sewer    | Gained mutation: Your magical nature lets you fly swiftly
                  | and evasively. [Tengu growth]
  2732 | Sewer    | Reached XP level 5. HP: 28/28 MP: 10/10
  2763 | Sewer    | Reached skill level 5 in Air Magic
  3129 | D:3      | Reached XP level 6. HP: 17/32 MP: 11/11
  3447 | D:3      | Learned a level 3 spell: Swiftness
  4042 | D:4      | Found a shadowy altar of Dithmenos.
  4042 | D:4      | Found a glowing golden altar of the Shining One.
  4628 | D:4      | Reached XP level 7. HP: 18/36 MP: 13/13
  4979 | D:5      | Entered Level 5 of the Dungeon
  4998 | D:5      | Found a sand-covered staircase.
  5009 | Ossuary  | Entered an ossuary
  5613 | Ossuary  | Reached skill level 6 in Air Magic
  5712 | D:5      | Reached skill level 1 in Evocations
  5771 | D:5      | Reached skill level 5 in Conjurations
  5834 | D:5      | Found an opulent altar of Gozag.
  5847 | D:5      | Reached XP level 8. HP: 41/41 MP: 15/15
  5959 | D:5      | Reached skill level 5 in Dodging
  6123 | D:5      | Identified the +3 falchion of Loakk {vorpal, rC+ Str-3
                  | Stlth+}
  6864 | D:5      | Noticed Prince Ribbit
  6874 | D:5      | Killed Prince Ribbit
  6875 | D:5      | Reached skill level 7 in Air Magic
  7010 | D:5      | Learned a level 1 spell: Foxfire
  7201 | D:6      | Noticed Sigmund
  7202 | D:6      | Noticed Sigmund
  7202 | D:6      | Sigmund changed into Sigmund the howler monkey
  7205 | D:6      | Killed Sigmund the howler monkey
  7230 | D:6      | Found a staircase to the Ecumenical Temple.
  7242 | Temple   | Entered the Ecumenical Temple
  7291 | Temple   | Became a worshipper of Sif Muna the Loreminder
  7560 | D:6      | Reached skill level 1 in Fire Magic
  7657 | D:6      | Reached XP level 9. HP: 36/45 MP: 17/17
  7850 | D:6      | Reached skill level 5 in Spellcasting
  7870 | D:6      | Learned a level 3 spell: Conjure Flame
  8412 | D:6      | Found a bloodstained altar of Trog.
  8439 | D:6      | Reached skill level 8 in Air Magic
  8457 | D:6      | Learned a level 4 spell: Flame Wave
  8951 | D:7      | Reached skill level 1 in Short Blades
  9156 | D:7      | Reached * piety under Sif Muna
  9759 | D:7      | Reached XP level 10. HP: 48/50 MP: 19/19
  9904 | D:8      | Paralysed by a hornet for 2 turns
  9910 | D:8      | Paralysed by a hornet for 3 turns
  9913 | D:8      | Slain by a hornet

Illustrated notes

Levels and vault maps discovered:
D:1:      dpeg_arrival_shelter, layout_loops_corners,
          minmay_misc_feat_nine_boxes, corexii_item_surrounded_by_moat,
          minmay_small_reverse_x
D:2:      layout_rooms, basic_altar, uniq_robin
D:3:      layout_basic, dreamdust_ecumenical_altar_hidden_monk_grotto,
          gup_sewer_entry_glass, due_unseen_surprise
D:4:      layout_loops_ring, mainiacjoe_overflow_catwalk_spiral, st_stairs_13
D:5:      layout_loops_ring, mainiacjoe_overflow_paths,
          chequers_ossuary_entry_cave, minmay_fractal_squares_diagonal_5,
          uniq_prince_ribbit1
D:6:      layout_gridville, trog_ov_bears_minmay, temple_pool_b, uniq_sigmund
D:7:      layout_loops_ring
D:8:      layout_rooms, david_lair_generic, serial_shops, shop_fountains
Temple:   cyrus_circular_temple

Skill      XL: |  1  2  3  4  5  6  7  8  9 |
---------------+----------------------------+-----
Conjurations   | 2 3 4 5 6 7 |  7.9
Dodging        | 3 4 5 6 |  6.8
Stealth        | 3 4 |  4.0
Spellcasting   | 3 4 5 |  5.7
Air Magic      | 5 6 7 8 |  8.8
Evocations     | 1 3 4 |  4.0
Fire Magic     | 1 3 |  3.8
Short Blades   | 2 |  2.5

Action                   |  1- 3 |  4- 6 |  7- 9 | 10-12 || total
-------------------------+-------+-------+-------+-------++-------
Melee: Dagger            |     9 |    43 |    98 |     9 ||   159
       Kick              |     3 |    12 |    38 |     4 ||    57
       Peck              |     1 |     6 |    16 |     2 ||    25
       Punch             |       |       |     1 |       ||     1
 Cast: Shock             |    69 |    96 |   202 |     4 ||   371
       Static Discharge  |     6 |     5 |    14 |       ||    25
       Airstrike         |       |     1 |     4 |       ||     5
       Foxfire           |       |       |    19 |       ||    19
       Flame Wave        |       |       |     5 |       ||     5
       Conjure Flame     |       |       |     3 |       ||     3
Evoke: Wand              |       |     1 |     2 |       ||     3
  Use: Scroll            |       |     8 |    14 |       ||    22
       Potion            |       |     1 |     1 |       ||     2
 Stab: Distracted        |       |       |     1 |       ||     1
Armor: Robe              |       |     7 |       |       ||     7
       Leather armour    |       |       |    47 |     7 ||    54
Dodge: Dodged            |    11 |    64 |   130 |     7 ||   212
